 Dungeon Crawl Stone Soup version 0.18-a0-116-g2d311b1 (webtiles) character file.

44 Duffy the Sneak (level 3, -3/16 HPs)
             Began as a Spriggan Enchanter on Nov 17, 2015.
             Slain by an orc
             ... wielding a +0 war axe
              (11 damage)
             ... on level 3 of the Dungeon.
             The game lasted 00:02:52 (1807 turns).

Duffy the Sneak (Spriggan Enchanter)                Turns: 1807, Time: 00:02:52

Health: -3/16      AC:  3    Str:  4    XL:     3   Next: 39%
Magic:  8/8        EV: 18    Int: 16    God:
Gold:   55         SH:  0    Dex: 17    Spells: 3 memorised, 2 levels left

rFire  . . .     SeeInvis +     p - +2 dagger (venom)
rCold  . . .     Clarity  .     b - +1 robe
rNeg   . . .     SustAt   .     (shield restricted)
rPois  .         Gourm    .     (helmet restricted)
rElec  .         Spirit   .     (no cloak)
rCorr  .         Warding  .     (gloves unavailable)
rMut   .         Stasis   .     (boots unavailable)
MR     .....                    (no amulet)
Stlth  +++.......               (no ring)
                                (no ring)

@: very quick, not resistant to hostile enchantments, fairly stealthy
A: unfitting armour, see invisible, herbivore 3, speed 3, slow metabolism 2
a: no special abilities


You were on level 3 of the Dungeon.
You were not hungry.

You visited 1 branch of the dungeon, and saw 3 of its levels.

You collected 55 gold pieces.


Innate Abilities, Weirdness & Mutations

You are tiny and cannot use many weapons and most armour.
You have supernaturally acute eyesight.
You are a herbivore.
You cover ground extremely quickly.
You need consume almost no food.


   Skills:
 + Level 2.4 Short Blades
 - Level 3.0 Dodging
 - Level 5.0 Stealth
 - Level 3.2 Spellcasting
 - Level 3.9 Hexes


You had 2 spell levels left.
You knew the following spells:

 Your Spells              Type           Power        Failure   Level  Hunger
a - Ensorcelled Hibernat  Hex/Ice        #.....       14%         2    ##.....
c - Confuse               Hex            ###.....     12%         3    ###....
r - Corona                Hex            ###....      4%          1    None

Inventory:

Hand Weapons
 a - a +1 dagger
 p - a +2 dagger of venom (weapon)
Missiles
 o - 33 sling bullets
 s - 5 poisoned needles
Armour
 b - a +1 robe (worn)
 q - a +0 buckler
Scrolls
 e - a scroll of enchant armour {unknown}
 f - 2 scrolls of remove curse {unknown}
 h - a scroll of fear {unknown}
 j - 2 scrolls of identify {unknown}
 m - 2 scrolls of magic mapping {unknown}
 n - a scroll of blinking {unknown}
Potions
 g - a potion of haste {unknown}
 i - a potion of curing {unknown}
 k - a potion of degeneration {unknown}
 l - 2 potions of brilliance {unknown}
 r - a potion of lignification {unknown}
 t - a potion of heal wounds {unknown}
Books
 c - a book of Maledictions
Comestibles
 d - 3 bread rations

Dungeon Overview and Level Annotations

Branches:
Dungeon (3/15)

Altars:
Ru


Message History

No target in view!
Found a chain mail.
You see here a chain mail.
Found a stone staircase leading down.
Found 5 poisoned needles.
Found a fizzy purple potion and 2 needles of sleeping.
A kobold comes into view.
You see here 5 poisoned needles.
s - 5 poisoned needles
Found an escape hatch in the ceiling.
The helpless kobold fails to defend itself.
You impale the kobold!!
You kill the kobold!
t - a fizzy purple potion A hobgoblin comes into view.
It is wielding a club.
An orc comes into view. It is wielding a war axe.
The hobgoblin shouts!
The hobgoblin hits you but does no damage.
You hit the hobgoblin.
The hobgoblin is poisoned.
The hobgoblin is almost dead.
You hit the hobgoblin but do no damage.
The hobgoblin looks even sicker.
The hobgoblin is almost dead.
You kill the hobgoblin!
You hit the orc but do no damage.
The orc is poisoned.
The orc hits you with a war axe!
Ouch! That really hurt!
You are too injured to fight recklessly!
You are too injured to fight recklessly!
You barely miss the orc.
The orc is moderately wounded.
You hit the orc.
The orc is moderately wounded.
The orc hits you with a war axe!
Ouch! That really hurt!
You die...

.######.# #.# .......# #.#
..#...# #.# #.#...#
#.########## #.#...#
#.##.......# ......#
#.##.#####.#
#.#...######.##.#####.# #
#)#.<...o@...[........#
#.#o#....########.#######
..###.#.#....# #.#
.............# #.#
..###.#.#...†########.###
........#....##.#.......#
#.#.#...#...(.........#.#
.#.#...#..........####.######
#...........###.^......>.....#


You could see an orc.

Action                   || total
-------------------------++-------
Melee: Dagger            ||    94
 Stab: Sleeping          ||    12

Notes
Turn   | Place    | Note
--------------------------------------------------------------
     0 | D:1      | Duffy the Spriggan Enchanter began the quest for the Orb.
     0 | D:1      | Reached XP level 1. HP: 9/9 MP: 5/5
   253 | D:1      | Reached XP level 2. HP: 10/13 MP: 6/6
   257 | D:1      | Learned a level 2 spell: Ensorcelled Hibernation
   557 | D:1      | Reached skill level 2 in Short Blades
   664 | D:1      | Reached skill level 5 in Stealth
  1029 | D:2      | Reached skill level 3 in Spellcasting
  1239 | D:2      | Found a sacrificial altar of Ru.
  1495 | D:2      | Reached XP level 3. HP: 16/16 MP: 8/8
  1613 | D:2      | Learned a level 3 spell: Confuse
  1807 | D:3      | Slain by an orc

Vault maps used:
D:1:      roderic_crop_circles_arrival_small
D:2:      first_bread, nicolae_ru_the_path_less_chosen
D:3:      ashenzari_altar_1

Vanquished Creatures
  An ooze
  A worm
  A giant gecko
  A giant cockroach
  8 goblins
  3 hobgoblins
  3 jackals
  4 kobolds
  A ball python
  4 bats
  4 giant newts
  A quokka
  5 rats
37 creatures vanquished.
